Map: Cosmic Sapphire

Players

Reynor - Winner!

  • Race: Zerg Zerg
  • League: Master
  • Spawn Location: 11:00

Zain

  • Race: Protoss Protoss
  • League: Master
  • Spawn Location: 5:00

Event: HomeStory Cup XXII

VOD

Have the link to the VOD?

Description

Time

  • Played on: Dec. 16, 2022, 2:45 p.m.
  • Length: 6:46

All games in this series

Show
View Real Time Build Order
Export as new Build Order

Reynor Zerg - Winner!

Build Orders: Hatch First 

Get SALT Encoding   

  12  0:00  Drone  
  13  0:11  Overlord  
  13  0:16  Drone  
  14  0:30  Drone x2  
  16  0:47  Hatchery  
  15  0:51  Drone  
  15  0:54  Drone  
  17  0:58  Drone  
  18  1:08  Extractor  
  17  1:14  Spawning Pool  
  17  1:16  Drone  
  17  1:19  Drone  
  18  1:27  Drone  
  19  1:37  Drone  
  20  1:49  Overlord  
  20  2:00  Queen x2  
  20  2:01  Drone x2  
  26  2:11  Zergling x4  
  26  2:14  Metabolic Boost  
  28  2:20  Drone  
  28  2:21  Drone  
  30  2:34  Hatchery  
  30  2:36  Drone  
  30  2:38  Drone  
  30  2:43  Drone  
  32  2:45  Overlord  
  32  2:52  Queen  
  32  2:55  Drone  
  32  2:57  Drone  
  36  3:06  Zergling x4  
  36  3:08  Zergling x4  
  36  3:09  Zergling x2  
  41  3:14  Overlord  
  41  3:18  Zergling x2, Queen  
  44  3:33  Drone x2  
  46  3:34  Queen  
  46  3:36  Overlord  
  46  3:39  Drone x3  
  46  3:41  Drone  
  52  3:48  Drone x2  
  53  3:51  Queen  
  53  3:53  Drone  
  56  3:57  Drone, Overlord  
  56  4:04  Drone x2, Roach Warren  
  56  4:07  Drone  
  56  4:08  Drone  
  59  4:10  Drone  
  59  4:13  Spore Crawler  
  59  4:19  Drone x2  
  59  4:21  Spore Crawler, Drone  
  61  4:24  Drone x2  
  63  4:34  Overlord  
  63  4:37  Drone x4  
  66  4:41  Overlord  
  66  4:42  Queen  
  66  4:44  Drone x2  
  70  4:47  Overlord  
  70  4:51  Spore Crawler  
  68  4:55  Drone x3  
  68  4:58  Roach  
  73  5:00  Roach, Extractor  
  73  5:02  Roach  
  75  5:08  Drone  
  75  5:09  Zergling x8, Roach  
  75  5:13  Roach x2  
  85  5:20  Overlord  
  84  5:23  Roach x2  
  84  5:24  Zergling x8  
  88  5:29  Overlord  
  86  5:36  Zergling x2, Roach x2  
  86  5:38  Queen x2  
  86  5:42  Roach  
  88  5:43  Zergling x2  
  88  5:46  Zergling x2  
  88  5:49  Queen  
  84  5:53  Roach  
  84  5:56  Zergling x2  
  84  5:57  Zergling x2  
  82  6:02  Roach  
  80  6:06  Zergling x2  
  80  6:07  Zergling x2  
  80  6:11  Spine Crawler  
  79  6:14  Roach  
  79  6:17  Roach  
  79  6:18  Zergling x2  
  86  6:21  Zergling x2, Roach  
  86  6:22  Zergling x2  
  90  6:28  Zergling x2  
Show
View Real Time Build Order
Export as new Build Order

Zain Protoss 

Build Orders: 1 Gate Expand 

Get SALT Encoding   

  12  0:00  Probe  
  13  0:12  Probe  
  14  0:20  Pylon  
  14  0:24  Probe  
  15  0:38  Probe (Chrono Boost)  
  15  0:40  Gateway  
  17  0:50  Probe (Chrono Boost), Assimilator  
  17  0:57  Probe (Chrono Boost)  
  18  1:04  Probe  
  19  1:17  Probe  
  20  1:27  Nexus  
  20  1:33  Cybernetics Core  
  20  1:37  Probe  
  21  1:43  Assimilator  
  21  1:49  Probe  
  22  1:54  Pylon  
  22  2:01  Probe  
  23  2:10  Adept (Chrono Boost)  
  23  2:13  Warp Gate  
  26  2:15  Probe  
  26  2:28  Probe (Chrono Boost)  
  27  2:31  Stalker (Chrono Boost)  
  29  2:39  Probe (Chrono Boost)  
  31  2:45  Probe (Chrono Boost)  
  31  2:48  Probe (Chrono Boost)  
  31  2:50  Twilight Council  
  32  2:52  Probe (Chrono Boost)  
  32  2:53  Probe (Chrono Boost)  
  34  3:05  Nexus  
  34  3:13  Pylon  
  34  3:14  Probe  
  34  3:16  Pylon  
  34  3:19  Adept  
  37  3:23  Charge (Chrono Boost)  
  37  3:27  Gateway  
  37  3:32  Probe  
  38  3:36  Assimilator  
  38  3:39  Gateway  
  38  3:45  Gateway  
  35  3:57  Gateway  
  35  3:59  Gateway  
  35  4:02  Adept  
  35  4:03  Probe  
  35  4:06  Pylon  
  36  4:12  Gateway  
  36  4:17  Probe, Gateway  
  37  4:26  Zealot  
  37  4:27  Zealot  
  41  4:33  Pylon  
  41  4:37  Zealot  
  41  4:42  Zealot  
  43  4:47  Pylon  
  43  4:48  Pylon  
  43  4:50  Zealot x2  
  43  4:51  Zealot  
  49  4:59  Zealot x2  
  53  5:08  Zealot x2  
  57  5:14  Zealot x4  
  65  5:29  Zealot x4  
  65  5:34  Pylon  
  71  5:39  Zealot x2  
  71  5:40  Zealot  
  69  5:49  Zealot  
  63  5:50  Zealot x2  
  59  5:59  Zealot x2  
  55  6:08  Zealot x3  
  55  6:18  Zealot x3  
  55  6:23  Zealot x2  
  59  6:30  Zealot x2  
  59  6:32  Zealot  
  55  6:38  Zealot x2  
  51  6:42  Zealot  
Tags
 
Add a new tag
Caveats
  • Supply blocks, unpowered buildings, or Contaminate may cause inaccurate times.
  • Supply counts are checked every 10 seconds.